[Event "Early-Titled-Tuesday-Blitz-March-26-2024"]
[Site "Chess.com"]
[Date "2024.03.26"]
[Round "6"]
[White "JJDAREK"]
[Black "mary-sanna"]
[Result "1-0"]
[WhiteElo "2388"]
[BlackElo "2221"]
[TimeControl "180+1"]
[EndTime "9:06:17 PDT"]
[Termination "JJDAREK won by checkmate"]

1. d4 d5 2. Nf3 e6 3. c4 Nf6 4.
Nc3 c5 5. cxd5 exd5 6. g3 Nc6 7. Bg2 cxd4 8. Nxd4 Bc5 9. Nb3 Bb6 10. O-O d4 11.
Na4 O-O 12. Nxb6 axb6 13. Bg5 h6 14. Bxf6 Qxf6 15. Bxc6 bxc6 16. Qxd4 Qxd4 17. Nxd4 Bh3 18. Rfd1 c5 19. Nb5 Ra5 20. Nc3 Rfa8 21. a3 b5 22.
Rac1 b4 23. Ne4 bxa3 24. bxa3 Rxa3 25. Nxc5 Ra2 26. Re1 Rb2 27. f3 Raa2 28. Kf2 Bf5 29. g4 Bg6 30. h4 Bc2 31. h5 Kf8 32. Nd7+ Ke7 33. Ne5 Ke6 34. Nc4 Rb4 35. Ne3 Ba4 36. Rc4 Rxc4 37. Nxc4 Bb5 38. Ne3 Ke5 39. Nf5 g6 40.
Nxh6 gxh5 41. Nxf7+ Ke6 42. Ng5+ Kf6 43. Ne4+ Kg6 44.
gxh5+ Kxh5 45. Nc3 Rb2 46. Nxb5 Rxb5 47. Rg1 Rb2 48.
f4 Kh6 49. Kf3 Kh5 50. e3 Rb3 51. f5 Ra3 52. Kf4 Ra2 53. e4 Rf2+ 54. Ke5 Re2 55. f6 Kh6 56. Kf5 Rf2+ 57. Ke6 Kh7 58. f7 Rf4 59. e5 Rh4 60. Ke7 Rh6 61. e6 Rh2 62.
f8=R Rh6 63. Rf7+ Kh8 64. Rd1 Rg6 65. Rd8+ Rg8 66. Rxg8+ Kxg8 67. Kf6 Kh8 68. e7 Kg8 69. e8=Q# 1-0

[Event "Early-Titled-Tuesday-Blitz-March-26-2024"]
[Site "Chess.com"]
[Date "2024.03.26"]
[Round "6"]
[White "Irina_Baraeva"]
[Black "Bada_norovsambuu"]
[Result "1/2-1/2"]
[WhiteElo "2365"]
[BlackElo "2224"]
[TimeControl "180+1"]
[EndTime "9:06:19 PDT"]
[Termination "Game drawn by repetition"]

1. d4 d5 2. Nf3 Nf6 3. c4 c6 4. Nc3 e6 5. Bg5 Be7 6. e3 O-O 7. Bd3 Nbd7 8. O-O b6 9. Qe2 Bb7 10. Rfd1 Rc8 11. e4 dxe4 12. Nxe4 Nxe4 13. Bxe7 Qxe7 14.
Qxe4 Nf6 15. Qe2 Rfd8 16. a3 Qc7 17. c5 Qf4 18. b4 Nd5 19. Qc2 h6 20. Rd2 Qg4 21.
Ne5 Qg5 22. Bh7+ Kf8 23. Be4 Nf4 24. Qc3 Ba6 25. Re1 Nd5 26. Qf3 Qf6 27. Bxd5 Rxd5 28. Qe4 Kg8 29. f4 Bb5 30. Rf1 Qf5 31. Qxf5 exf5 32.
Rfd1 Ba4 33. Rc1 Rcd8 34. Nf3 f6 35. Re1 Kf7 36. Kf2 g6 37. Re3 R5d7 38. h4 h5 39. Rde2 Bb5 40. Re1 Bc4 41. g3 Bd5 42. R1e2 Rb8 43.
Nd2 a5 44. Re1 axb4 45. axb4 Ra7 46. Rb1 Ra2 47. Ke1 bxc5 48. dxc5 Rba8 49. Rd3 Ke6 50. b5 cxb5 51. Rxb5 Ra1+ 52. Ke2 R1a6 53. Rb6+ Rxb6 54.
cxb6 Rb8 55. Re3+ Kf7 56. Rd3 Ke6 57. Re3+ Kd6 58. Rd3 Kc5 59. Nb3+ Bxb3 60. Rxb3 Rxb6 61. Rc3+ Kd4 62. Rc2 Ke4 63. Rc4+ Kd5 64. Rc7 Rb3 65. Kf2 Ke4 66. Re7+ Kd5 67. Rg7 Ke4 68. Rxg6 Rb2+ 69. Kg1 Kf3 70. Kh1 Rb1+ 71. Kh2 Rb2+ 72. Kh3 Rb1 73.
Kh2 Rb2+ 74. Kh3 Rb1 75. Kh2 1/2-1/2

[Event "Early-Titled-Tuesday-Blitz-March-26-2024"]
[Site "Chess.com"]
[Date "2024.03.26"]
[Round "6"]
[White "Sammed_Shete"]
[Black "chess123456s"]
[Result "0-1"]
[WhiteElo "2727"]
[BlackElo "2566"]
[TimeControl "180+1"]
[EndTime "9:06:20 PDT"]
[Termination "chess123456s won by resignation"]

1. Nf3 d5 2. d3 Nf6 3. Nbd2 Bf5 4. b4 e6 5. b5 h6 6. Bb2 Be7 7. g3 O-O 8. Bg2 a6 9. a4 Nbd7 10. O-O Bh7 11. c4 c6 12. bxc6 bxc6 13. Nd4 Qc7 14.
cxd5 cxd5 15. Rc1 Qb6 16. Qb3 Qxb3 17. N2xb3 Rab8 18. Ba1 Ba3 19. Rc6 e5 20. Rxa6 exd4 21. Nxd4 Bb2 22. Rd6 Nc5 23. Nc6 Rb7 24. Bxb2 Rxb2 25.
Ne7+ Kh8 26. Nxd5 Nxd5 27. Rxd5 Nxa4 28. e3 Nc3 29. Rd7 Bf5 30. Rd6 Be6 31. d4 Rfb8 32.
d5 Bf5 33. f3 Rd2 34. e4 Rbb2 35. Bh1 Bh3 36. Re1 Rxh2 37. Rc6 Rhc2 38. f4 Ne2+ 39. Kf2 Nxf4+ 40. Rxc2 Rxc2+ 41. Ke3 Ng2+ 42. Bxg2 Bxg2 43. Kd4 Bh3 44. Ke5 Kg8 45. Kd6 f6 46. Ke7 Rc7+ 47.
Kd6 Rd7+ 48. Kc6 Kf7 49. e5 fxe5 50. Rxe5 Rd8 51. d6 Kf6 52. Re7 g5 53. Re3 Bf5 54.
Kc7 Rd7+ 55. Kc6 h5 56. Re8 Rh7 57. Rf8+ Rf7 58. Re8 Kg6 59. Rg8+ Rg7 60. Rh8 Rf7 61. Rg8+ Kh6 62. Rh8+ Rh7 63. Rf8 Kg6 64. Rg8+ Kf6 65. Rf8+ Ke5 66. Re8+ Be6 67. Rg8 Bxg8 0-1

[Event "Early-Titled-Tuesday-Blitz-March-26-2024"]
[Site "Chess.com"]
[Date "2024.03.26"]
[Round "6"]
[White "TatjanaVasilevich"]
[Black "Sina_Movahed"]
[Result "0-1"]
[WhiteElo "2617"]
[BlackElo "3066"]
[TimeControl "180+1"]
[EndTime "9:06:21 PDT"]
[Termination "Sina_Movahed won by checkmate"]

1. d4 Nf6 2. c4 g6 3. Nc3 Bg7 4. e4 O-O 5. f4 d6 6. Nf3 Bg4 7. Be2 Bxf3 8. Bxf3 Nfd7 9. O-O Nc6 10. e5 dxe5 11. fxe5 Nb6 12. c5 Nd7 13. Be3 e6 14. Bxc6 bxc6 15. Qf3 Rb8 16. Rab1 Rb4 17. Qxc6 Nb8 18.
Qf3 Rxd4 19. Bxd4 Qxd4+ 20. Kh1 Qxc5 21. Rfe1 Nd7 22. Ne4 Qxe5 23. Rbc1 Nb6 24. b3 Rd8 25. Nc5 Qg5 26. Ne4 Qe7 27. Nc3 a6 28. Qe2 a5 29.
Nb5 Nd5 30. Qc4 Qd7 31. Red1 Bh6 32. Rb1 Bf4 33. Nc3 Be5 34. Ne4 Qe7 35. Rbc1 h5 36. h3 h4 37. Qe2 Kg7 38. Qf3 Nf4 39. Nf2 Rxd1+ 40. Rxd1 Nh5 41. Qe3 Ng3+ 42. Kg1 Bd6 43.
Rc1 Bf4 44. Qc3+ e5 45. Rc2 Qd6 46. Qd3 Qb4 47. Qd1 a4 48. Rc4 Qb6 49. Rxa4 Be3 50. Qf3 Bxf2+ 51. Qxf2 Qd6 52. Qe1 e4 53. Qc3+ Kh7 54. Qe1 Qd3 55. Rc4 e3 56. Rxc7 Qf5 57.
Rc1 e2 58. Qf2 Qd3 59. Qxf7+ Kh6 60. Qf4+ Kh5 61. Rc5+ Nf5 62. Qg4+ Kh6 63. Qf4+ Kh5 64. Qg4+ Kh6 65. Qf4+ Kg7 66. Rc7+ Kf6 67. Rc6+ Kf7 68. Rc1 Qd1+ 69. Kf2 e1=Q# 0-1

[Event "Early-Titled-Tuesday-Blitz-March-26-2024"]
[Site "Chess.com"]
[Date "2024.03.26"]
[Round "6"]
[White "FlemingA"]
[Black "Bilan_Danila"]
[Result "1/2-1/2"]
[WhiteElo "2441"]
[BlackElo "2640"]
[TimeControl "180+1"]
[EndTime "9:06:22 PDT"]
[Termination "Game drawn - insufficient material"]

1. e4 c6 2. d4 d5 3. e5 c5 4. dxc5 Nc6 5. a3 Nxe5 6. b4 Nf6 7. Bb2 Nc6 8. Nf3 g6 9. Bb5 Bg7 10. O-O O-O 11. Nbd2 a5 12. Bxc6 bxc6 13. c4 axb4 14. axb4 Rxa1 15. Qxa1 Bf5 16. Nd4 Bd7 17. Re1 Re8 18.
N2f3 dxc4 19. Ne5 Nd5 20. Nexc6 Qc7 21. b5 c3 22. Ba3 Bxc6 23. Nxc6 Qb7 24. Qa2 e6 25. Qc4 Rc8 26. h4 h5 27. Bc1 Rxc6 28. bxc6 Qxc6 29. Be3 Bf8 30. Bd4 Be7 31. Bxc3 Nxc3 32.
Qxc3 Qxc5 33. Qxc5 Bxc5 34. Rd1 Kg7 35. g3 e5 36. Kg2 Bd4 37. Kf3 Kf6 38. Rd2 Ke6 39.
Ra2 f5 40. Ke2 Kf7 41. Kd3 Bc5 42. Kc4 Bd4 43. Kd5 Bb6 44. Kxe5 Bc7+ 45. Kd5 Bb6 46. Kc6 Bd4 47. Kd5 Bc3 48. f3 Be1 49. Rg2 f4 50.
gxf4 Bxh4 51. f5 gxf5 52. Ke5 Be1 53. Kxf5 h4 54. Rg1 Bf2 55. Rh1 Bg3 56. Kg4 Kf6 57. f4 Kg6 58. Ra1 Kf6 59. Ra6+ Kf7 60. f5 Bf2 61.
Ra2 Bg3 62. Rb2 Kf6 63. Rb6+ Kf7 64. Kg5 h3 65. Rb7+ Kf8 66. Kg4 h2 67. Rb1 Bd6 68. Rh1 Kf7 69. Kg5 Be7+ 70. Kf4 Bd6+ 71. Ke4 Kf6 72.
Rxh2 Bxh2 73. Kd5 Be5 74. Kc6 Kxf5 1/2-1/2

[Event "Early-Titled-Tuesday-Blitz-March-26-2024"]
[Site "Chess.com"]
[Date "2024.03.26"]
[Round "6"]
[White "Rsnr"]
[Black "Msb2"]
[Result "1-0"]
[WhiteElo "2938"]
[BlackElo "3036"]
[TimeControl "180+1"]
[EndTime "9:06:24 PDT"]
[Termination "Rsnr won by checkmate"]

1. d4 d5 2. c4 e6 3. Nf3 Nf6 4. g3 Nc6 5. Bg2 Bd6 6. O-O O-O 7. b3 dxc4 8. bxc4 e5 9. c5 Be7 10. dxe5 Qxd1 11. Rxd1 Ne4 12. Ba3 Bxc5 13. Bxc5 Nxc5 14. Nc3 Be6 15. Nd5 Rad8 16. Nxc7 Rxd1+ 17. Rxd1 Bxa2 18. Ra1 Bc4 19. Rc1 Ne6 20. Rxc4 Nxc7 21. Ng5 h6 22. Bxc6 bxc6 23. Rxc6 hxg5 24. Rxc7 Ra8 25. Rc4 a5 26. Ra4 Kf8 27. Kg2 g4 28. Rxg4 a4 29.
Rb4 a3 30. Rb1 a2 31. Ra1 Ke7 32. f4 Kd7 33. Kf3 Kc6 34. Ke4 Kc5 35. Kf5 Kd4 36. h4 Ra6 37. g4 Ke3 38. Kg5 Ke4 39. h5 Ra5 40. e3 Ra6 41. Kh4 Kxe3 42. Kg5 Ke4 43.
Re1+ Kd4 44. Ra1 Ke3 45. Re1+ Kd2 46. Ra1 Kd3 47. f5 Ke4 48. e6 fxe6 49. fxe6 Rxe6 50. Rxa2 Kf3 51. Ra3+ Kg2 52. Ra7 Kg3 53. Rxg7 Re5+ 54. Kh6 Ra5 55. g5 Kh4 56. Rg6 Ra8 57. Rg7 Ra6+ 58. g6 Ra5 59. Rb7 Rxh5+ 60. Kg7 Rc5 61. Rb1 Rc7+ 62. Kh8 Rc8+ 63. Kh7 Kg5 64. g7 Rc7 65. Rg1+ Kf6 66. Kh8 Rc2 67. g8=Q Rh2+ 68. Qh7 Rc2 69. Qg7+ Kf5 70. Rf1+ Ke4 71. Qh7+ Kd4 72. Qxc2 Ke3 73. Qf2+ Kd3 74. Rd1+ Ke4 75. Qe2+ Kf4 76. Rf1+ Kg5 77. Qg2+ Kh6 78. Rh1# 1-0

[Event "Early-Titled-Tuesday-Blitz-March-26-2024"]
[Site "Chess.com"]
[Date "2024.03.26"]
[Round "6"]
[White "Dr_Thomas_Quilter"]
[Black "IshviAggarwal"]
[Result "0-1"]
[WhiteElo "2035"]
[BlackElo "2180"]
[TimeControl "180+1"]
[EndTime "9:06:26 PDT"]
[Termination "IshviAggarwal won on time"]

1. d4 d5 2. Nc3 e6 3. Bf4 Nf6 4.
Nb5 Na6 5. e3 c6 6. Nc3 Nc7 7.
Bd3 Bd6 8. Nf3 O-O 9. Ne5 c5 10. dxc5 Bxc5 11. Qf3 Nce8 12. Qh3 Nd6 13. O-O-O Bb4 14.
g4 Bxc3 15. bxc3 Nfe4 16. f3 f6 17. fxe4 fxe5 18. exd5 e4 19. Bxd6 exd5 20. Bxf8 Qxf8 21. Be2 Be6 22. Rd4 Qa3+ 23. Kd2 Rc8 24. Rc1 Qxc3+ 25.
Kd1 Rf8 26. Qg3 h6 27. Rb1 Rf3 28. Bxf3 Qxe3 29. Rd2 exf3 30. Qf2 Qf4 31. Rxb7 Bxg4 32. Rd4 Qg5 33. Rbb4 Bh5 34. h4 Qd8 35. Rb3 Qa5 36. Rd2 Qxa2 37. Ke1 Qa1+ 38. Rd1 Qe5+ 39. Kf1 Qe4 40. Re3 Qg4 41. Rxd5 Qh3+ 42. Ke1 Qg4 43. Rd2 Qc4 44. Kd1 Qa4 45. Rd8+ Kh7 46. Rdd3 Qa1+ 47.
Kd2 Qa5+ 48. Rc3 Qa1 49. Red3 Qb1 50. Rc7 Qb4+ 51. Rcc3 a5 52. Re3 a4 53. Rd3 a3 54.
Qe3 a2 55. Qe1 Qb1 56. Ra3 Qb4+ 57. Kd1 Qb1+ 58. Kd2 Qb4+ 59. Rdc3 Qb1 60. Qe4+ Bg6 61. Qe3 a1=Q 62. Rxa1 Qxa1 63. Qxf3 Qa5 64. Qe3 Qd5+ 65. Ke2 Qg2+ 66. Kd1 Qf1+ 67. Qe1 Bh5+ 68. Kd2 Qf4+ 0-1

[Event "Early-Titled-Tuesday-Blitz-March-26-2024"]
[Site "Chess.com"]
[Date "2024.03.26"]
[Round "6"]
[White "xakevicius91"]
[Black "yonaltimur"]
[Result "1/2-1/2"]
[WhiteElo "2532"]
[BlackElo "2404"]
[TimeControl "180+1"]
[EndTime "9:06:38 PDT"]
[Termination "Game drawn - insufficient material"]

1. e4 c5 2. Nf3 d6 3. d4 cxd4 4. Nxd4 Nf6 5. Nc3 a6 6. f3 e5 7. Nb3 Be6 8. Be3 Be7 9. Qd2 Nbd7 10. O-O-O O-O 11. g4 b5 12. g5 Nh5 13. Rg1 Rc8 14. Kb1 Nb6 15. Nd5 Nxd5 16. exd5 Bf5 17. Bd3 Bxd3 18.
Qxd3 g6 19. h4 Qd7 20. Qd2 Bd8 21. f4 exf4 22. Bxf4 a5 23. Be3 a4 24. Nd4 a3 25.
b3 Bb6 26. Nc6 Bxe3 27. Qxe3 Rfe8 28. Qd4 Ng7 29. Qb4 Ra8 30. Qxb5 Qh3 31. Qc4 Nf5 32. Rh1 Qf3 33. Nd4 Qe4 34. Nxf5 Qxf5 35. Qd3 Qf4 36. h5 Re3 37. Qd4 Re4 38. Qd3 Qe5 39. c3 Re3 40.
Qd4 Qf5+ 41. Ka1 Rae8 42. hxg6 fxg6 43. Rhf1 Qc2 44. Qd2 Qxc3+ 45. Qxc3 Rxc3 46. Rde1 Rxe1+ 47. Rxe1 Rd3 48. Kb1 Rxd5 49. Kc2 Rxg5 50. b4 h5 51. Kb3 h4 52. Kc4 h3 53. b5 Rg2 54. b6 Rb2 55. Rh1 h2 56. Kd5 Rxb6 57. Rxh2 Rb2 58. Rh3 Rxa2 59.
Kxd6 Rd2+ 60. Ke6 a2 61. Ra3 Kg7 62. Ke5 g5 63. Kf5 Kh6 64. Rh3+ Kg7 65. Ra3 Rg2 66. Ra7+ Kh6 67. Ra8 Rf2+ 68. Kg4 Rg2+ 69. Kf3 Rb2 70. Kg4 Kg6 71. Ra6+ Kf7 72. Kxg5 Ke7 73. Kf4 Kd7 74.
Ke3 Kc7 75. Kd3 Kb7 76. Ra3 Kc6 77. Kc3 Rh2 78. Ra8 Kb7 79. Ra4 Kb6 80. Kb3 Kb5 81.
Rxa2 Rxa2 82. Kxa2 1/2-1/2

[Event "Early-Titled-Tuesday-Blitz-March-26-2024"]
[Site "Chess.com"]
[Date "2024.03.26"]
[Round "6"]
[White "KnightmareJoker"]
[Black "SaiAgni_98"]
[Result "1/2-1/2"]
[WhiteElo "2301"]
[BlackElo "2503"]
[TimeControl "180+1"]
[EndTime "9:06:42 PDT"]
[Termination "Game drawn by repetition"]

1. e4 c5 2. Nf3 g6 3. d4 cxd4 4. Nxd4 Nc6 5. Nb3 Bg7 6. Be2 Nf6 7. Nc3 O-O 8. O-O d6 9. Re1 a6 10. Bf1 b5 11. Nd5 Bb7 12. a4 Nxd5 13. exd5 Nb4 14. c3 Nxd5 15. axb5 axb5 16. Rxa8 Bxa8 17. Bxb5 Qb6 18.
c4 Nc7 19. Be3 Qb7 20. f3 Nxb5 21. cxb5 Qxb5 22. Bd4 e5 23. Bc3 Rb8 24. Nd2 d5 25.
Bxe5 Qb6+ 26. Kh1 Bxe5 27. Rxe5 Qxb2 28. Qe1 Bc6 29. h3 Qc3 30. Re3 Qc5 31. Nb3 Qb4 32. Qc1 Ba4 33. Nd2 d4 34. Re4 Qc3 35. Qe1 Rb2 36. Re8+ Bxe8 37. Qxe8+ Kg7 38. Qe5+ Kf8 39. Qd6+ Ke8 40. Qe5+ Kd7 41. Qd5+ Kc8 42. Ne4 Qc1+ 43. Kh2 Qf4+ 44. Ng3 Rb6 45. Qc4+ Kb7 46. Qd5+ Ka7 47. Qd7+ Ka6 48. Qa4+ Kb7 49. Qd7+ Kb8 50. Qd8+ Ka7 51.
Qd7+ Rb7 52. Qa4+ Kb8 53. Qe8+ Kc7 54. Qe7+ Kc6 55. Qe8+ Rd7 56. Qc8+ Rc7 57. Qa8+ Kb5 58. Qd5+ Kb4 59. Qd8 h5 60. Qb8+ Kc4 61. Qb2 h4 62. Qc2+ Kb5 63. Qb3+ Ka6 64. Qa4+ Kb6 65. Qb4+ Ka7 66. Qa5+ Kb7 67. Qb5+ Ka7 68. Qa5+ Kb8 69. Qb6+ Rb7 70. Qd8+ Ka7 71. Qa5+ Kb8 72. Qd8+ Ka7 73. Qa5+ Kb8 74. Qd8+ 1/2-1/2

[Event "Early-Titled-Tuesday-Blitz-March-26-2024"]
[Site "Chess.com"]
[Date "2024.03.26"]
[Round "6"]
[White "Anton_Demchenko"]
[Black "Shahdad2007"]
[Result "0-1"]
[WhiteElo "2982"]
[BlackElo "2631"]
[TimeControl "180+1"]
[EndTime "9:06:43 PDT"]
[Termination "Shahdad2007 won by resignation"]

1. e4 c5 2. Nc3 Nc6 3. Bb5 Nd4 4. a4 a6 5. Bc4 e6 6. Nf3 Nc6 7. d4 cxd4 8. Nxd4 Qc7 9. Nxc6 bxc6 10. Qg4 Nf6 11.
Qg3 Qxg3 12. hxg3 d5 13. Bd3 h6 14. f3 Bb4 15. Bd2 Rb8 16. exd5 cxd5 17. a5 Ke7 18. Na4 Bxd2+ 19. Kxd2 Nd7 20. Rhe1 Kd6 21. f4 Bb7 22. b4 Bc6 23. Nc5 Nxc5 24. bxc5+ Kxc5 25. Bxa6 Bb5 26. Bxb5 Rxb5 27. a6 Ra8 28. f5 Rb6 29. fxe6 fxe6 30. a7 Kd6 31. Ra4 e5 32. Rea1 e4 33. R1a3 Ke5 34.
Ke3 Rc6 35. c3 h5 36. Ra5 g5 37. Kd2 Rc7 38. Ra6 h4 39. gxh4 gxh4 40. Ke3 Rg7 41. Kf2 Rf8+ 42. Ke1 Ra8 43. Ra2 Rg3 44. R6a3 h3 45.
gxh3 Rxh3 46. Kf1 Kf4 47. Rb3 Rh7 48. Rba3 Rh1+ 49. Kg2 Rh7 50. Rf2+ Ke5 51. Rfa2 Rg8+ 52. Kf1 Rh1+ 53. Kf2 Rh2+ 54. Kf1 Rh1+ 55. Kf2 Rh2+ 56. Kf1 Rxa2 57. Rxa2 Ra8 58. Ke2 Kd6 59. Ke3 Kc5 60.
Ra3 Kc4 61. Kd2 Kb5 62. Ke3 Kb6 63. Kd4 Rxa7 64. Rb3+ Kc6 65. Rb1 Ra4+ 66. Ke3 Kc5 67. Rb8 Ra6 68. Rc8+ Rc6 69. Re8 Kc4 70. Rd8 Rc5 71.
Kd2 e3+ 72. Kxe3 Kxc3 73. Ke2 d4 74. Kd1 Rh5 75. Ra8 Rh1+ 76. Ke2 d3+ 77. Ke3 Re1+ 78. Kf2 d2 79. Rc8+ Kb4 80. Rb8+ Ka5 81. Ra8+ Kb6 82. Rb8+ Ka7 83. Rd8 d1=Q 0-1

[Event "Early-Titled-Tuesday-Blitz-March-26-2024"]
[Site "Chess.com"]
[Date "2024.03.26"]
[Round "6"]
[White "KetiTsatsalashvili"]
[Black "Witik"]
[Result "0-1"]
[WhiteElo "2442"]
[BlackElo "2735"]
[TimeControl "180+1"]
[EndTime "9:06:43 PDT"]
[Termination "Witik won on time"]

1. d4 Nf6 2. Nf3 g6 3. c4 Bg7 4. Nc3 d6 5. e4 O-O 6. Be2 e5 7. O-O Na6 8. Bg5 h6 9. Bxf6 Bxf6 10. Nd5 Bg7 11. dxe5 dxe5 12. Qc2 c6 13. Ne3 Qe7 14. Qc3 f5 15. h3 Nc5 16. Qa3 Re8 17.
Nd2 f4 18. Ng4 h5 19. Nh2 a5 20. Nb3 Ne6 21. Qxe7 Rxe7 22. a4 b6 23. Rad1 c5 24.
Rd6 Rb8 25. Nf3 Bf6 26. Rfd1 Kg7 27. Ne1 Nd4 28. Nxd4 exd4 29. f3 Be5 30. Rd5 Bb7 31.
Rxe5 Rxe5 32. Nd3 Re7 33. Nxf4 Bc6 34. Nd5 Reb7 35. b3 g5 36. Kf2 Rf8 37. Rh1 h4 38. Bd3 Rbb8 39. Ke2 Rbe8 40. Kd2 Re6 41. Re1 Be8 42.
Rh1 Bh5 43. Nc7 Rc6 44. Nd5 Rd6 45. Be2 Bf7 46. Kd3 Re8 47. Kd2 Re5 48. Bd3 Bh5 49. Rh2 Re8 50. Rh1 Rf8 51. Rg1 Kh6 52. Be2 Bf7 53.
Bd3 Bh5 54. Ne7 Re6 55. Nd5 Bxf3 56. gxf3 Rxf3 57. Rh1 Rf2+ 58. Ke1 Rb2 59. Rf1 Rxb3 60. Kd2 Rb2+ 61. Bc2 Rxe4 62. Rf6+ Kg7 63. Rxb6 Rxb6 64.
Nxb6 Re3 65. Bf5 Ra3 66. Bg4 Kf6 67. Nd5+ Ke5 68. Nb6 Ra2+ 69. Kd3 Ra3+ 70. Kd2 Kf4 71. Nd7 Rxa4 72. Nxc5 Rxc4 73. Ne6+ Kg3 74. Nxg5 a4 75. Kd3 a3 76. Ne4+ Kh2 77. Nd2 a2 78.
Nb3 Rc3+ 0-1

[Event "Early-Titled-Tuesday-Blitz-March-26-2024"]
[Site "Chess.com"]
[Date "2024.03.26"]
[Round "6"]
[White "FGHSMN"]
[Black "MyDream003"]
[Result "1/2-1/2"]
[WhiteElo "2961"]
[BlackElo "2805"]
[TimeControl "180+1"]
[EndTime "9:07:01 PDT"]
[Termination "Game drawn - insufficient material"]

1. e4 c5 2. Nf3 d6 3. d4 cxd4 4. Nxd4 Nf6 5. Bd3 g6 6. h3 Bg7 7. c4 O-O 8. Nc3 Nc6 9. Be3 Nxd4 10. Bxd4 Be6 11. O-O Nd7 12. Bxg7 Kxg7 13. b3 Qa5 14. Rc1 Rac8 15. Be2 Nf6 16. Qd4 Qc5 17. Qd3 a6 18. Kh1 Qa5 19. f4 Bd7 20. Qd4 Qc5 21. Qd2 Bc6 22.
Bf3 Rfd8 23. Qb2 Kg8 24. Rce1 b5 25. e5 dxe5 26. fxe5 Ne8 27. e6 f6 28. Bxc6 Rxc6 29. Nd5 bxc4 30. bxc4 Nc7 31. Rxf6 Nxd5 32. cxd5 Rb6 33.
Qf2 Qxf2 34. Rxf2 Rxd5 35. Rf7 Rxe6 36. Rxe6 Kxf7 37. Rxa6 Rd2 38. a4 Ra2 39. Kh2 e5 40. Kg3 Ra3+ 41. Kg4 h5+ 42. Kh4 e4 43. a5 e3 44. Kg3 e2+ 45. Kf2 Ra2 46. Ke1 Kg7 47.
Ra8 Kf6 48. a6 Kg7 49. h4 Kh7 50. Kf2 Kg7 51. Ra7+ Kg8 52. g3 Kh8 53. Ke1 Kg8 54. Kf2 Kh8 55. Re7 Rxa6 56. Kxe2 Kg8 57. Kf3 Rf6+ 58. Ke4 Rf7 59. Re5 Kg7 60. Rg5 Ra7 61. Rb5 Ra4+ 62. Kf3 Ra7 63. Kf4 Rd7 64. Kg5 Rc7 65.
Re5 Rb7 66. Rd5 Ra7 67. Rc5 Rb7 68. Ra5 Rc7 69. Re5 Rb7 70. Kf4 Rf7+ 71. Ke4 Ra7 72.
Kd5 Ra5+ 73. Ke6 Rxe5+ 74. Kxe5 Kf7 75. Kf4 Kf6 76. g4 hxg4 77. Kxg4 Kf7 78. h5 gxh5+ 79. Kxh5 1/2-1/2

[Event "Early-Titled-Tuesday-Blitz-March-26-2024"]
[Site "Chess.com"]
[Date "2024.03.26"]
[Round "6"]
[White "BilicVladimir"]
[Black "zverr1"]
[Result "1-0"]
[WhiteElo "2681"]
[BlackElo "2528"]
[TimeControl "180+1"]
[EndTime "9:07:12 PDT"]
[Termination "BilicVladimir won on time"]

1. c4 c5 2. Nc3 Nc6 3. g3 g6 4. Bg2 Bg7 5. Nf3 e5 6. d3 Nge7 7. e4 O-O 8. O-O d6 9. Ne1 Nd4 10. Nc2 Nxc2 11. Qxc2 Nc6 12. Be3 Be6 13. f3 f5 14. Nd5 Nd4 15. Bxd4 exd4 16. f4 Bxd5 17. cxd5 fxe4 18. dxe4 Rc8 19. Rae1 c4 20. e5 d3 21. Qd2 dxe5 22. fxe5 Qb6+ 23. Qe3 Rxf1+ 24. Bxf1 Qxb2 25. d6 Rd8 26. Qe4 d2 27. Qxc4+ Kh8 28. Rd1 Bxe5 29. d7 Qb6+ 30. Kg2 Rxd7 31. Be2 Qc6+ 32. Kh3 Qxc4 33. Bxc4 Bb2 34. Bb3 Kg7 35. Kg4 Kf6 36. h4 Ke5 37.
Kg5 Bc1 38. g4 Ke4 39. Kh6 Kf3 40. g5 Kg4 41. Rh1 Bb2 42. Bd1+ Kg3 43. h5 gxh5 44. Rxh5 Bc3 45. Rh1 Kg2 46. Rh4 Re7 47. Rc4 Re1 48.
Bb3 Ba1 49. Kxh7 d1=Q 50. Bxd1 Rxd1 51. Rc7 Rh1+ 52. Kg6 Rb1 53. Kf7 a5 54. g6 Rf1+ 55. Ke6 Rf6+ 56. Kd5 Rxg6 57. Rxb7 Rg5+ 58. Kc4 Rg4+ 59.
Kb3 a4+ 60. Kc2 Be5 61. Rb5 Bd6 62. Rd5 Bf8 63. Rd7 Rf4 64. Ra7 a3 65. Ra8 Kf3 66.
Ra5 Kg4 67. Kd3 Rf3+ 68. Ke4 Rf4+ 69. Ke3 Rf3+ 70. Ke4 Rf2 71. Ra8 Re2+ 72. Kd3 Rf2 73. Ke3 Rf7 74. Kd3 Kf3 75. Re8 Rd7+ 76. Kc4 Rf7 77.
Kd3 Kf4 78. Kd4 Be7 79. Kd5 Bf6 80.
Re1 Bb2 81. Rf1+ Ke3 82. Rxf7 Kd3 83. Rf3+ Kc2 84. Kc4 Kd2 85. Kb3 Ke2 86. Rg3 Kf2 87.
Rh3 Kg2 88. Rd3 Kf2 89. Kc2 Ke2 90. Rb3 Kf2 91. Rxb2 axb2 92. a4 Ke3 93. a5 Kd4 94. a6 Kc4 95. a7 Kb4 96. a8=Q b1=Q+ 97. Kxb1 1-0

[Event "Early-Titled-Tuesday-Blitz-March-26-2024"]
[Site "Chess.com"]
[Date "2024.03.26"]
[Round "6"]
[White "Mikhail_Bryakin"]
[Black "chess_blitz00"]
[Result "1/2-1/2"]
[WhiteElo "2854"]
[BlackElo "2571"]
[TimeControl "180+1"]
[EndTime "9:07:43 PDT"]
[Termination "Game drawn by repetition"]

1. Nf3 d6 2. e4 Nf6 3. Nc3 Bg4 4. Be2 c5 5. O-O Nc6 6. d3 e6 7.
Re1 Be7 8. h3 Bxf3 9. Bxf3 O-O 10.
g3 Nd4 11. Bg2 b5 12. Be3 b4 13. Ne2 e5 14. f4 a5 15. a4 b3 16. Nxd4 cxd4 17.
Bd2 bxc2 18. Qxc2 Qb6 19. b3 Rfc8 20. Qd1 Nd7 21. Rb1 Nc5 22. Bf1 Na6 23. Re2 Nb4 24.
Be1 Rc5 25. Rf2 Rac8 26. Qg4 Nc2 27. Qd7 Qc7 28. Qxc7 R8xc7 29. Rxc2 Rxc2 30. Bxa5 Rb7 31. Be1 Ra2 32. a5 Bd8 33. Rc1 Kf8 34. b4 Ke8 35. h4 Kd7 36. Bh3+ Ke8 37. Bc8 Rc7 38.
Rxc7 Bxc7 39. fxe5 dxe5 40. Ba6 Bd6 41. b5 Ra1 42.
Kf2 Rxe1 43. Kxe1 Bb4+ 44. Ke2 Bxa5 45. Bb7 Ke7 46. Bd5 f6 47. Kf3 Bb6 48. Kg4 g6 49. h5 Ba5 50. Bg8 gxh5+ 51. Kxh5 Kf8 52. Bxh7 Kg7 53. Bf5 Bb6 54. Bc8 Ba5 55. Kg4 Kf7 56.
Kf5 Bb6 57. Be6+ Ke7 58. Ba2 Bc7 59. Kg6 Bb6 60. Bc4 Bc7 61. Kf5 Bb6 62. g4 Bc7 63. Bb3 Bb8 64. b6 Bd6 65. Bd5 Bb8 66. b7 Bd6 67.
Kg6 Bb8 68. Bc4 Bc7 69. Kh5 Bb8 70. Bd5 Bc7 71. Kh4 Bb8 72. Kg3 Bc7 73. Kf3 Bb8 74. Ke2 Bc7 75. Kd2 Bb8 76. Kc2 Kd6 77.
Kb3 Kc5 78. Ka4 Kb6 79. Kb4 Bd6+ 80. Kc4 Bb8 81. Kb3 Kb5 82. Be6 Bc7 83. Bc8 Bb8 84.
Bd7+ Kc5 85. Ka4 Bc7 86. Bf5 Kb6 87. Bc8 Kc5 88. Be6 Kb6 89. Bd5 Bd6 90. Kb3 Kb5 91. Kc2 Bb8 92. Kd2 Kc5 93. Ke2 Kd6 94. Kf3 Ke7 95. Kg3 Bc7 96. Kh4 Bb8 97. g5 fxg5+ 98. Kxg5 Kd6 99. Kf6 Kc5 100. Ke6 Kb6 101. Kd7 Ka7 102.
Kd8 Bd6 103. Kc8 Bb8 104. Kd7 Kb6 105. Kd8 Ka7 106. Ke7 Bc7 107. Bc6 Kb8 108. Ke6 Ka7 109. Kd7 Kb8 110. Bd5 Ba5 111. Kd6 Bc7+ 112. Ke6 Ka7 113. Ke7 Kb8 114. Bc6 Ba5 115. Ke6 Bc7 116. Kd5 Ka7 117. Kc4 Kb8 118. Kc5 Ka7 119. Kb5 Kb8 120. Ka6 Bd8 121. Bb5 Bg5 122. Bc4 Bf4 123. Bd5 Bh2 124. Kb5 Bg3 125. Kc6 Bh2 126. Kd7 Bg3 127. Ke6 Bf4 128. Kf5 Kc7 129. Kg4 Kb8 130. Kf3 Kc7 131. Bc6 Kb8 132. Kg4 Kc7 133.
Kf5 Kb8 134. Ke6 Bg3 135. Kd7 Bf4 136. Bd5 Bh2 137. Kc6 Bg3 138. Kb5 Bf4 139. Kc5 Bg3 140. Kc6 Bf4 141. Kb6 Bg3 142. Kc6 1/2-1/2

[Event "Early-Titled-Tuesday-Blitz-March-26-2024"]
[Site "Chess.com"]
[Date "2024.03.26"]
[Round "7"]
[White "N_I_Chess"]
[Black "Tolya2"]
[Result "0-1"]
[WhiteElo "2316"]
[BlackElo "2486"]
[TimeControl "180+1"]
[EndTime "9:09:55 PDT"]
[Termination "Tolya2 won by resignation"]

1. d4 d5 2. c4 dxc4 3. Nf3 a6 4.
a4 Nf6 5. e3 e6 6. Bxc4 c5 7.
O-O Nc6 8. dxc5 Bxc5 9. Qe2 Qc7 10. e4 Ng4 11. h3 Nd4 12. hxg4 Nxe2+ 13. Bxe2 b6 14.
Nc3 Bb7 15. Bg5 h6 16. Bh4 g5 17. Bg3 Qxg3 0-1

[Event "Early-Titled-Tuesday-Blitz-March-26-2024"]
[Site "Chess.com"]
[Date "2024.03.26"]
[Round "7"]
[White "emeli_chess"]
[Black "karinachess1"]
[Result "0-1"]
[WhiteElo "2392"]
[BlackElo "2601"]
[TimeControl "180+1"]
[EndTime "9:10:24 PDT"]
[Termination "karinachess1 won by resignation"]

1. d4 Nf6 2. c4 e6 3. Nc3 d5 4. cxd5 exd5 5. Bg5 c6 6. Qc2 Be7 7. e3 Nbd7 8. Bd3 h6 9. Bh4 Nh5 10. Bxe7 Qxe7 11. Nge2 Nb6 12. O-O-O Bd7 13. Kb1 O-O-O 14. Nc1 Kb8 15. Nb3 Nf6 16. Nc5 Bc8 17. Rc1 Rhe8 18.
N3a4 Nxa4 19. Qxa4 Nd7 20. Na6+ bxa6 21. Qxc6 Nb6 22. Rc3 Bb7 23. Qc5 Na4 0-1

[Event "Early-Titled-Tuesday-Blitz-March-26-2024"]
[Site "Chess.com"]
[Date "2024.03.26"]
[Round "7"]
[White "LeninGuerra"]
[Black "JaackCamel"]
[Result "1-0"]
[WhiteElo "2684"]
[BlackElo "2187"]
[TimeControl "180+1"]
[EndTime "9:10:30 PDT"]
[Termination "LeninGuerra won by checkmate"]

1. e4 e6 2. d4 d5 3. Nd2 c5 4.
exd5 Qxd5 5. Ngf3 cxd4 6. Bc4 Qd6 7. O-O Nf6 8. Qe2 Nc6 9. Rd1 a6 10. Nb3 Qc7 11. Nbxd4 Nxd4 12. Rxd4 Bd6 13. Bg5 O-O 14. Rad1 Bc5 15. Rh4 Be7 16. Ne5 b5 17. Bd3 Bb7 18.
Bxf6 Bxf6 19. Bxh7+ Kh8 20. Bg6+ Kg8 21. Rh8+ Kxh8 22. Qh5+ Kg8 23. Qh7# 1-0